 Dungeon Crawl Stone Soup version 0.30-a0-779-g7971cf19c3 (webtiles) character file.

Game seed: 2764640816923093236

21 KleinerIrrer the Twirler (level 2, 0/25 HPs)
             Began as an Armataur Gladiator on Feb 17, 2023.
             Slain by Terence
             ... wielding a +0 hand axe of flaming
              (3 damage)
             ... on level 2 of the Dungeon.
             The game lasted 00:01:25 (980 turns).

KleinerIrrer the Twirler (Armataur Gladiator)        Turns: 980, Time: 00:01:25

Health: 0/25       AC:  8    Str: 19    XL:     2   Next: 65%
Magic:  2/2        EV:  6    Int:  8    God:
Gold:   75         SH:  0    Dex: 11    Spells: 1/1 levels left

rFire   . . .      SeeInvis .    a - +0 quarterstaff
rCold   . . .      Faith    .    (shield currently unavailable)
rNeg    . . .      Spirit   .    j - +0 ring mail
rPois   .          Reflect  .    c - +0 helmet
rElec   .          Harm     .    (no cloak)
rCorr   .          Roll     +    i - +0 pair of gloves
Will    .....                    (no barding)
Stlth   +                        (no amulet)
HPRegen 0.24/turn                (no ring)
MPRegen 0.08/turn                (no ring)

@: grasped by roots, constricted
A: large, rugged brown scales 3, deformed body, armoured tail, roll, long
tongue, awkward tongue
a: no special abilities


You were on level 2 of the Dungeon.
You visited 1 branch of the dungeon, and saw 2 of its levels.

You collected 75 gold pieces.

Inventory:

Hand Weapons
 a - a +0 quarterstaff (weapon)
Missiles
 d - 3 throwing nets (quivered)
 e - a javelin
Armour
 c - a +0 helmet (worn)
 i - a +0 pair of gloves (worn)
 j - a +0 ring mail (worn)
Jewellery
 g - an amulet of regeneration
Scrolls
 f - a scroll of poison {unknown}
 h - a scroll of teleportation {unknown}
 k - a scroll of fog {unknown}
Potions
 b - a potion of berserk rage {unknown}
 l - a potion of curing {unknown}
 m - a potion of flight {unknown}
 n - a potion of attraction {unknown}


   Skills:
 + Level 2.3 Fighting
 - Level 2.9 Staves
 - Level 1.7 Throwing
 + Level 1.6 Armour
 - Level 2.1 Dodging


You had one spell level left.
You didn't know any spells.
Your spell library was empty.

Dungeon Overview and Level Annotations

Branches:
Dungeon (2/15)

Altars:

Annotations:
D:2 Natasha, Terence


Innate Abilities, Weirdness & Mutations

You are completely covered in rugged brown scales. (AC +3, +7% HP)
Armour fits poorly on your strangely shaped body.
You have a long armoured tail.
You roll when moving toward enemies. (Rampage)
Your long tongue fully drains potion bottles. (2x potion effects)
Your tongue gives you trouble enunciating. (1.5x scroll delay)


Message History

The ball python hisses angrily.
You roll towards the ball python!
You roll towards the ball python!
The ball python bites you but does no damage. x2
You barely miss the ball python.
The ball python bites you but does no damage.
You thump the ball python!
You kill the ball python!
No target in view!
There is a stone staircase leading up here.
A bat comes into view.
A bat is nearby!
You roll towards the bat!
The bat closely misses you.
You completely miss the bat. You tail-slap the bat.
You kill the bat!
No target in view!
Found a scale mail.
You see here a bat corpse.
Natasha, Servant of Life and Death comes into view.
Natasha hisses angrily.
Terence the Incautious comes into view.
He is wielding a +0 hand axe of flaming and carrying a wand of roots (13).
Terence shouts!
You roll towards Natasha!
Found a stone staircase leading down.
Terence zaps a wand.
The roots erupt in riotous growth!
The grasping roots grab you!
Terence is unaffected.
Natasha is unaffected.
The grasping roots constrict you. Natasha claws you but does no damage.
You hit Natasha.
Natasha is moderately wounded.
Terence hits you with a +0 hand axe of flaming.
Terence burns you. The grasping roots constrict you. Natasha claws you.
You hit Natasha.
Your tail-slap misses Natasha.
Natasha is severely wounded.
Terence hits you with a +0 hand axe of flaming.
Terence burns you. The grasping roots constrict you.
Natasha closely misses you.
Terence hits you with a +0 hand axe of flaming!
* * * LOW HITPOINT WARNING * * *
Terence burns you.
You die...

#.##. #####...# #.#..###..?....#
###..>..##.......
........##.....# ........##...[.#
........##.....# ........##.....#
......h@.......#
......@.##.....###
........##.......#
........##.....#.#
........###.#†.#.# #########
#.#....#
################.###.########
................................#
....#........#######.#####.####.#


You could see Terence and Natasha.

Vanquished Creatures
  A dart slug (D:1)
  2 endoplasms (D:1)
  2 hobgoblins (D:1)
  4 ball pythons
  2 bats
  2 frilled lizards (D:1)
  2 goblins
  2 kobolds (D:1)
  2 rats (D:1)
19 creatures vanquished.

Vanquished Creatures (others)
  A plant (D:1)
1 creature vanquished.

Grand Total: 20 creatures vanquished

Notes
Turn   | Place    | Note
-------+----------+-------------------------------------------
     0 | D:1      | KleinerIrrer the Armataur Gladiator began the quest for the
                  | Orb.
     0 | D:1      | Reached XP level 1. HP: 18/18 MP: 1/1
   240 | D:1      | Reached skill level 1 in Armour
   293 | D:1      | Reached XP level 2. HP: 25/25 MP: 2/2
   976 | D:2      | Noticed Natasha
   976 | D:2      | Noticed Terence
   980 | D:2      | Slain by Terence

Illustrated notes

Levels and vault maps discovered:
D:1:      minmay_arrival_stone_box, layout_basic, serial_bayou,
          serial_bayou_ford_a, serial_bayou_pond_d, serial_bayou_pond_d,
          serial_bayou_lake_a
D:2:      layout_basic, serial_shops, shop, uniq_sigmund, uniq_natasha,
          uniq_terence

Skill      XL: |  1 |
---------------+----+-----
Fighting       | 2 |  2.3
Armour         | 1 |  1.6
Staves         | |  2.9
Throwing       | |  1.7
Dodging        | |  2.1

Action                     || total
---------------------------++-------
  Melee: Quarterstaff      ||    35
         Tailslap          ||     2
 Armour: Ring mail         ||    18
  Dodge: Dodged            ||    13

Table legend: (Time is in decaauts)
 A = Elapsed time spent in this place.
 B = Non-inter-level travel time spent in this place.
 C = Inter-level travel time spent in this place.
 D = Time resting spent in this place.
 E = Time spent auto-exploring this place.
 F = Levels seen in this place.
 G = Mean time per level.
                   A        B        C        D        E       F      G
               +--------+--------+--------+--------+--------+-----+--------+
         Total |    984 |    952 |     32 |      0 |    828 |   2 |  492.0 |
       Dungeon |    984 |    952 |     32 |      0 |    828 |   2 |  492.0 |
               +--------+--------+--------+--------+--------+-----+--------+

Top non-repeatable levels by time:
     D:1: 846 daAuts
     D:2: 138 daAuts
